 Dungeon Crawl Stone Soup version 0.27.1-2-g3b301248ec (console) character file.

Game seed: 11551093456637691462

18808 XeNoLord the Spear-Bearer (level 12, -3/110 HPs)
             Began as a Minotaur Gladiator on Sept 22, 2021.
             Was an Elder of Qazlal.
             Slain by a sixfirhy (11 damage)
             ... summoned by an orc sorcerer
             ... on level 2 of the Orcish Mines on Sept 24, 2021.
             The game lasted 02:15:07 (12819 turns).

XeNoLord the Spear-Bearer (Minotaur Gladiator)     Turns: 12819, Time: 02:15:07

Health: -3/110     AC:  1    Str: 24      XL:     12   Next: 31%
Magic:  10/11      EV: 11    Int:  2 (5)  God:    Qazlal [****..]
Gold:   1249       SH:  5    Dex: 11 (12) Spells: 11/11 levels left

rFire    . . .     SeeInvis +   a - +4 trident (venom)
rCold    . . .     Faith    .   (no shield)
rNeg     . . .     Spirit   .   Y - +0 plate armour
rPois    .         Reflect  .   (helmet restricted)
rElec    .         Harm     .   (no cloak)
rCorr    .         Rampage  .   q - +0 pair of gloves
Will     +....                  J - +0 pair of boots
Stlth    ..........             B - amulet of regeneration
HPRegen  1.28/turn              P - ring of see invisible
MPRegen  0.12/turn              c - ring of willpower

@: corroded, studying Bows, repel missiles
A: horns 2, retaliatory headbutt
a: Renounce Religion, Upheaval, Elemental Force


You were on level 2 of the Orcish Mines.
You worshipped Qazlal.
Qazlal was greatly pleased with you.
You visited 2 branches of the dungeon, and saw 14 of its levels.

You collected 1249 gold pieces.

Inventory:

Hand Weapons
 a - a +4 trident of venom (weapon)
 b - a +1 hunting sling of flaming
 f - a +2 vampiric spear
 k - a +0 trident of freezing
 o - a +4 dagger
 w - the +7 whip "Conwiu" {holy, rC- Dex+7}
   (You found it on level 4 of the Dungeon)

   It has been blessed by the Shining One to cause great damage to the undead
   and demons.
   Dex:       It affects your dexterity (+7).
   rC:        It makes you vulnerable to cold.
 C - a +1 flail of protection
 N - a +2 dagger of venom
 S - a +4 battleaxe
 U - a +0 dagger of electrocution
 V - a +0 dagger of speed
Missiles
 i - 7 throwing nets (quivered)
 j - 24 boomerangs
 l - 343 stones
 z - 170 arrows
 T - 49 bolts
 X - 40 sling bullets
Armour
 q - a +0 pair of gloves (worn)
 I - a +0 kite shield
 J - a +0 pair of boots (worn)
 K - a +2 ring mail of positive energy
 Y - a +0 plate armour (worn)
Jewellery
 c - a ring of willpower (right hand)
 v - a ring of protection from cold
 B - an amulet of regeneration (around neck)
 L - an amulet of regeneration
 P - a ring of see invisible (left hand)
Wands
 y - a wand of acid (18)
 G - a wand of polymorph (18)
 H - a wand of paralysis (7)
 O - a wand of charming (7)
 R - a wand of digging (13)
Scrolls
 d - 3 scrolls of fog
 e - 2 scrolls of magic mapping {unknown}
 g - 3 scrolls of enchant weapon
 h - 12 scrolls of identify
 m - 4 scrolls of amnesia {unknown}
 r - 4 scrolls of enchant armour {unknown}
 u - a scroll of teleportation
 A - 2 scrolls of immolation {unknown}
 E - 3 scrolls of brand weapon {unknown}
 Z - a scroll of noise {unknown}
Potions
 n - 3 potions of mutation {unknown}
 p - 2 potions of might {unknown}
 s - 8 potions of curing
 t - 3 potions of lignification {unknown}
 x - 3 potions of heal wounds {unknown}
 D - a potion of ambrosia {unknown}
 M - 3 potions of haste {unknown}
 Q - a potion of flight {unknown}
 W - a potion of cancellation {unknown}
Miscellaneous
 F - a lightning rod (4/4)


   Skills:
 - Level 11.1 Fighting
 - Level 0.7(9.3) Axes
 - Level 14.0 Polearms
 - Level 1.1(1.9) Slings
 - Level 2.0(2.1) Throwing
 + Level 9.4 Armour
 - Level 12.3 Dodging
 - Level 3.4 Shields
 - Level 0.4 Evocations


You had 11 spell levels left.
You didn't know any spells.
Your spell library contained the following spells:

 Spells                   Type           Power      Damage    Failure   Level
 Sting                    Tmut/Pois      0%         1d3       100%        1
 Corpse Rot               Necr/Air       N/A        N/A       100%        2
 Poisonous Vapours        Pois/Air       0%         N/A       100%        2
 Call Canine Familiar     Summ           0%         N/A       100%        3
 Ignite Poison            Fire/Tmut/Pois 0%         N/A       100%        3
 Mephitic Cloud           Conj/Pois/Air  0%         N/A       100%        3
 Portal Projectile        Hex/Tloc       0%         N/A       100%        3
 Leda's Liquefaction      Hex/Erth       0%         N/A       100%        4
 Olgreb's Toxic Radiance  Pois           0%         N/A       100%        4
 Bolt of Magma            Conj/Fire/Erth 0%         4d4       100%        5
 Fireball                 Conj/Fire      0%         3d3       100%        5
 Freezing Cloud           Conj/Ice/Air   0%         6-21      100%        5
 Starburst                Conj/Fire      0%         6d3       100%        6
 Ignition                 Fire           0%         3d3       100%        8


Dungeon Overview and Level Annotations

Branches:
Dungeon (12/15)            Temple (0/1) D:6            Lair (0/6) D:9
    Orc (2/2) D:12            Elf (0/3) Orc:2

Altars:
Ashenzari
Fedhas
Qazlal
Sif Muna
Vehumet
Wu Jian
Beogh

Shops:
D:9 [   Orc:2 ?*

Portals:
Trove: D:10 (give 12 potions of heal wounds)


Innate Abilities, Weirdness & Mutations

You have a pair of horns on your head.
You reflexively headbutt those who attack you in melee.


Message History

You reach to attack!
You hit the orc warrior but do no damage.
The orc warrior looks as sick as possible!
The orc warrior is lightly wounded.
The orc warrior hits you from afar with a +0 halberd!!
* * * LOW HITPOINT WARNING * * *
Reach: a) +4 trident (venom)
Press: ? - help, Dir - move target, f/p - orc warrior
Aim: an orc warrior, wielding a +0 halberd, wearing a +0 plate armour and quivering silver boomerangs (sparse dust, lightly wounded, extremely poisoned, about 29% to evade your +4 trident of venom)
You reach to attack!
You hit the orc warrior but do no damage.
The orc warrior is lightly wounded.
Reach: a) +4 trident (venom)
Press: ? - help, Dir - move target, f - orc warrior, p - orc warrior
Aim: an orc warrior, wielding a +0 trident and wearing a +0 chain mail (strong, about 31% to evade your +4 trident of venom)
You reach to attack!
Your plate armour prevents you from hitting the orc warrior.
The orc warrior no longer looks unusually strong.
The orc warrior closely misses you.
The orc sorcerer mumbles some strange words.
Reach: a) +4 trident (venom)
Press: ? - help, Dir - move target, f/p - orc warrior
Aim: an orc warrior, wielding a +0 trident and wearing a +0 chain mail (about 31% to evade your +4 trident of venom)
You reach to attack!
You hit the orc warrior.
The orc warrior is poisoned.
The orc warrior is lightly wounded.
An orc comes into view. It is wielding a +0 mace.
The orc warrior is engulfed in blazing flames.
The orc warrior hits you from afar with a +0 trident!
* * * LOW HITPOINT WARNING * * *
The orc warrior is engulfed in blazing flames.
The orc sorcerer mumbles some strange words.
The orc sorcerer shouts, "You can't withstand my power!"
The orc sorcerer gestures wildly while chanting.
The orc priest miscasts a cantrip.
The orc warrior hits you from afar with a +0 trident!
* * * LOW HITPOINT WARNING * * *
The sixfirhy hits you!
* * * LOW HITPOINT WARNING * * *
The sixfirhy shocks you!
You die...

...###### ##......#####.....
........# ##.#....##...##....
#######.#######..oo.o##.....##...
..#.∩.#.##........o.o# ......'...
8.#8.8#.#..######..o○# ._8...#...
..#...#....#..._#4..4# ......#...
###...#.#.)')..8#.o..##.....##...
).....#.##.######3.#..##...##....
......#.##......@°.....#####....#
.._..##.##.#####○..○§...........#
#######.##.##.#.##☼..##.....#..##
........#......##...........####
...####.##....#####.........#
...## #.#......######......##
..#.####........#.##......##
.....#...........))........####
.....#....#.................#.##


You could see an ice devil (summoned), a sixfirhy (summoned), an orc sorcerer, a
red devil (summoned), 3 orc warriors, an orc priest and 2 orcs.

Vanquished Creatures
  Harold (D:10)
  A hydra (D:11)
  4 two-headed ogres
  An orc high priest (Orc:2)
  Nergalle (D:10)
  An orc knight (Orc:1)
  2 orc sorcerers
  2 ugly things (D:12)
  A cyclops (D:12)
  A manticore (D:12)
  3 unseen horrors
  A tengu conjurer (D:12)
  A troll (D:10)
  2 hornets
  A shadow (D:12)
  2 wyverns
  3 wraiths
  A basilisk (D:12)
  8 yaks (D:9)
  2 steam dragons
  4 vampire mosquitoes (D:10)
  A warg (Orc:2)
  A water moccasin (D:6)
  11 orc warriors
  A sky beast (D:8)
  3 ice beasts
  4 necrophages (D:9)
  4 ogres
  2 centaurs
  4 kobold brigands
  4 bullfrogs
  2 gnoll sergeants
  6 scorpions
  10 killer bees
  6 wights (D:9)
  3 howler monkeys
  5 centaur zombies
  A hound (D:5)
  11 orc priests
  2 centaur skeletons
  2 gnoll shamans
  A bullfrog skeleton (D:4)
  Jessica (D:2)
  3 iguanas
  Ijyb (D:4)
  13 orc wizards
  Terence (D:2)
  A killer bee zombie (D:7)
  A hound skeleton (D:4)
  2 mummies (D:9)
  2 howler monkey zombies
  20 gnolls
  6 adders
  A shadow imp (D:8)
  A worm (D:4)
  65 orcs
  6 ball pythons
  3 endoplasms
  3 giant cockroaches
  4 goblins
  A hobgoblin (D:2)
  A quokka (D:2)
  5 bats
  A frilled lizard (D:1)
  36 kobolds
  4 rats
309 creatures vanquished.

Vanquished Creatures (others)
  6 fungi (D:9)
  37 plants
43 creatures vanquished.

Grand Total: 352 creatures vanquished

Notes
Turn   | Place    | Note
-------+----------+-------------------------------------------
     0 | D:1      | XeNoLord the Minotaur Gladiator began the quest for the
                  | Orb.
     0 | D:1      | Reached XP level 1. HP: 18/18 MP: 0/0
   119 | D:1      | You fall into a shaft and drop 1 floor!
   132 | D:2      | Reached skill level 4 in Polearms
   132 | D:2      | Reached XP level 2. HP: 16/25 MP: 1/1
   420 | D:2      | Noticed Jessica
   429 | D:2      | Killed Jessica
   430 | D:2      | Reached skill level 5 in Polearms
   430 | D:2      | Reached XP level 3. HP: 18/31 MP: 2/2
   538 | D:2      | Found a faded altar of an unknown god.
   543 | D:2      | Noticed Terence
   567 | D:2      | Killed Terence
   568 | D:2      | Reached XP level 4. HP: 9/38 MP: 3/3
   896 | D:2      | Found a broken altar of Ashenzari.
  1427 | D:3      | Noticed a sky beast
  1600 | D:3      | Reached skill level 6 in Polearms
  1676 | D:3      | Reached XP level 5. HP: 24/46 MP: 4/4
  1975 | D:3      | Found a radiant altar of Vehumet.
  2079 | D:3      | Reached skill level 7 in Polearms
  2229 | D:3      | Reached XP level 6. HP: 52/52 MP: 5/5
  2634 | D:4      | Reached skill level 1 in Slings
  2769 | D:4      | Identified the +7 whip "Conwiu" {holy, rC- Dex+7}
  2851 | D:4      | Reached skill level 8 in Polearms
  2961 | D:4      | Noticed Ijyb
  2977 | D:4      | Killed Ijyb
  2978 | D:4      | Reached skill level 5 in Fighting
  2978 | D:4      | Reached XP level 7. HP: 26/61 MP: 6/6
  3168 | D:4      | Upgraded the game from 0.27.1-1-g398f81649c to
                  | 0.27.1-2-g3b301248ec
  3814 | D:5      | Entered Level 5 of the Dungeon
  3994 | D:5      | Found a shimmering blue altar of Sif Muna.
  4041 | D:5      | Reached skill level 9 in Polearms
  4120 | D:5      | HP: 2/62 [gnoll (14)]
  4270 | D:5      | Found a stormy altar of Qazlal.
  4279 | D:5      | Became a worshipper of Qazlal Stormbringer
  4752 | D:6      | Reached skill level 10 in Polearms
  4752 | D:6      | Reached XP level 8. HP: 60/70 MP: 7/7
  4949 | D:6      | Found a staircase to the Ecumenical Temple.
  4998 | D:6      | Found a faded altar of an unknown god.
  4998 | D:6      | Found an ornate altar of the Wu Jian Council.
  5010 | D:6      | Found a broken altar of Ashenzari.
  5012 | D:6      | Found a faded altar of an unknown god.
  5013 | D:6      | Found a blossoming altar of Fedhas.
  5218 | D:6      | You fall into a shaft and drop 3 floors!
  5235 | D:9      | Reached skill level 11 in Polearms
  5304 | D:9      | Found Nacegeir's Antique Armour Emporium.
  5428 | D:7      | Reached * piety under Qazlal
  5663 | D:7      | Reached XP level 9. HP: 71/81 MP: 8/8
  6229 | D:7      | Reached skill level 12 in Polearms
  7079 | D:8      | Reached ** piety under Qazlal
  7180 | D:8      | You fall into a shaft and drop 2 floors!
  7180 | D:10     | Entered Level 10 of the Dungeon
  7293 | D:9      | Reached skill level 5 in Dodging
  7405 | D:8      | Paralysed by a hornet for 2 turns
  7409 | D:8      | Reached skill level 10 in Fighting
  8034 | D:9      | Reached XP level 10. HP: 78/94 MP: 9/9
  8067 | D:9      | Found a staircase to the Lair.
  8199 | D:9      | Reached skill level 13 in Polearms
  8300 | D:9      | Reached *** piety under Qazlal
  8335 | D:9      | Reached skill level 14 in Polearms
  9116 | D:10     | Noticed a two-headed ogre
  9142 | D:10     | Killed a two-headed ogre
  9234 | D:10     | Noticed Nergalle
  9253 | D:10     | Killed Nergalle
  9254 | D:10     | Reached XP level 11. HP: 101/101 MP: 10/10
  9276 | D:10     | Noticed Harold
  9295 | D:10     | Killed Harold
  9296 | D:10     | Reached skill level 10 in Dodging
  9466 | D:10     | Noticed a two-headed ogre
  9481 | D:10     | Killed a two-headed ogre
  9657 | D:10     | Found a portal to a secret trove of treasure.
 10005 | D:11     | Noticed a two-headed ogre
 10011 | D:11     | Killed a two-headed ogre
 10126 | D:11     | Noticed a four-headed hydra
 10134 | D:11     | Killed a four-headed hydra
 10586 | D:12     | Reached skill level 1 in Armour
 10740 | D:12     | Noticed a two-headed ogre
 10744 | D:12     | Noticed a purple ugly thing
 10748 | D:12     | Killed a two-headed ogre
 10748 | D:12     | Reached **** piety under Qazlal
 10749 | D:12     | Reached skill level 5 in Armour
 10760 | D:12     | Killed a purple ugly thing
 11364 | D:12     | Noticed a cyan ugly thing
 11375 | D:12     | Killed a cyan ugly thing
 11376 | D:12     | Reached XP level 12. HP: 72/110 MP: 11/11
 11656 | D:12     | Found a staircase to the Orcish Mines.
 11670 | Orc:1    | Entered Level 1 of the Orcish Mines
 12020 | Orc:2    | Entered Level 2 of the Orcish Mines
 12337 | Orc:2    | Found Vaideo's Magic Scroll Boutique.
 12570 | Orc:2    | Found Yfodyun's Assorted Antiques.
 12636 | Orc:2    | Reached skill level 1 in Shields
 12645 | Orc:2    | Found a staircase to the Elven Halls.
 12659 | Orc:2    | Noticed an orc high priest
 12662 | Orc:2    | Reached ***** piety under Qazlal
 12674 | Orc:2    | Killed an orc high priest
 12769 | Orc:2    | Noticed an orc warlord
 12819 | Orc:2    | Slain by a sixfirhy

Illustrated notes

Levels and vault maps discovered:
D:1:      lightli_arrival_flooded_house, layout_loops_ring
D:2:      layout_loops_ring, shapermc_ecumenical_altar_starsandcircs,
          basic_altar, uniq_jessica, uniq_terence
D:3:      layout_basic, mainiacjoe_overflow_paths, gammafunk_ghost_stat_death,
          minivault_27, hangedman_decor_push
D:4:      layout_basic, kennysheep_mini, minmay_door_square, uniq_ijyb
D:5:      layout_loops_ring, nicolae_sif_muna_condensation,
          grunt_qazlal_sundering
D:6:      layout_rooms, chequers_temple_overflow_minitemple,
          minmay_temple_entry_mini_moons, minivault_4
D:7:      kennysheep_kobold_camp, layout_loops_ring,
          hangedman_abyss_or_decor_passed, kennysheep_generic_room_6
D:8:      layout_loops_ring, grunt_ministairs_8, minmay_misc_feat_diagonals,
          glass_columns_b
D:9:      layout_loops_cross, grunt_lair_entry_orc_guard_hut, serial_undead,
          serial_undead_f, serial_undead_a, serial_undead_d, serial_undead_e,
          serial_shops, shop_fountains, kennysheep_dice
D:10:     layout_rooms, nicolae_trove_entry_crystal, uniq_harold, uniq_nergalle
D:11:     layout_rooms
D:12:     layout_roguey, orc_0_dummy, minivault_16, grunt_decor_clamped,
          st_stairs_11, hangedman_abyss_or_decor_lesser_grid,
          lemuel_flamethrower_2
Orc:1:    layout_caves, uniq_gastronok
Orc:2:    grunt_orc_community_town_hall, layout_diamond_mine,
          grunt_orc_community_big_house_2, grunt_orc_community_big_house_1,
          grunt_orc_community_house_3, grunt_orc_community_house_3,
          grunt_orc_community_house_3, grunt_orc_community_house_2,
          grunt_orc_community_house_1, grunt_orc_community_house_2,
          serial_shops, nicolae_shop_overgrown_old_shop, lemuel_statue_altar

Skill      XL: |  1  2  3  4  5  6  7  8  9 10 11 12 |
---------------+-------------------------------------+-----
Polearms       | 4 5 6 7 8 10 11 12 14 | 14.0
Fighting       | 3 4 5 6 8 10 11 | 11.1
Slings         | 1 |  1.1
Dodging        | 6 9 12 | 12.3
Armour         | 7 9 |  9.4
Shields        | 3 |  3.4
Axes           | |  0.7
Throwing       | |  2.0
Evocations     | |  0.4

Action                   |  1- 3 |  4- 6 |  7- 9 | 10-12 || total
-------------------------+-------+-------+-------+-------++-------
Melee: Trident           |    54 |    96 |   309 |   518 ||   977
       Headbutt          |     5 |    15 |    68 |    81 ||   169
       Spear             |       |       |   183 |       ||   183
 Fire: Hunting sling     |       |    22 |    26 |    22 ||    70
Throw: Throwing net      |     3 |       |     1 |     1 ||     5
Invok: Elemental Force   |       |       |       |     1 ||     1
Evoke: Wand              |       |       |     4 |       ||     4
  Use: Scroll            |       |       |       |     6 ||     6
       Potion            |       |       |       |     1 ||     1
 Stab: Sleeping          |     1 |       |       |       ||     1
       Held in net/web   |     1 |       |     1 |       ||     2
Armor: Leather armour    |     7 |    14 |    11 |       ||    32
       Ring mail         |       |       |    39 |    50 ||    89
       Plate armour      |       |       |       |     6 ||     6
Dodge: Dodged            |    27 |    26 |   165 |   127 ||   345
       Repelled          |       |       |       |     2 ||     2
Block: Other             |       |       |    13 |    49 ||    62
